 Dungeon Crawl Stone Soup version 0.29-a0-553-g81b289dbe5 (webtiles) character file.

Game seed: 7087883964617431664

1069 DocClef the Covert (level 8, -10/67 HPs)
             Began as a Gnoll Delver on June 6, 2022.
             Killed from afar by Blork the orc (11 damage)
             ... with a puff of flame
             ... on level 5 of the Dungeon.
             The game lasted 00:07:01 (4248 turns).

DocClef the Covert (Gnoll Delver)                   Turns: 4248, Time: 00:07:03

Health: -10/67     AC:  3    Str: 13 (16) XL:     8   Next: 28%
Magic:  12/12      EV: 17    Int: 10 (13) God:
Gold:   267        SH:  0    Dex: 12 (13) Spells: 13/13 levels left

rFire   . . .      SeeInvis .   j - +6 spear of the End of Times {freeze, Fly Str+2 Int+3}
rCold   . . .      Faith    .   (no shield)
rNeg    . . .      Spirit   .   b - +0 leather armour
rPois   .          Reflect  .   (no helmet)
rElec   .          Harm     .   (no cloak)
rCorr   .          Rampage  .   (no gloves)
Will    .....                   (no boots)
Stlth   ++++......              (no amulet)
HPRegen 0.21/turn               h - +4 ring of evasion
MPRegen 0.13/turn               (no ring)

@: attractive, flying
A: fangs 1, strong nose, distributed training
a: no special abilities


You were on level 5 of the Dungeon.
You visited 1 branch of the dungeon, and saw 5 of its levels.

You collected 267 gold pieces.

Inventory:

Hand Weapons
 a - a +0 short sword
 j - the +6 spear of the End of Times (weapon) {freeze, Fly Str+2 Int+3}
   (You found it on level 4 of the Dungeon)

   It freezes those it strikes, dealing additional cold damage.
   It can also slow down cold-blooded creatures.
   Str:       It affects your strength (+2).
   Int:       It affects your intelligence (+3).
   Fly:       It grants you flight.
Armour
 b - a +0 leather armour (worn)
Jewellery
 h - a +4 ring of evasion (left hand)
Wands
 g - a wand of digging (3)
 n - a wand of acid (4)
Scrolls
 c - a scroll of fog
 d - 2 scrolls of magic mapping
 e - a scroll of enchant armour {unknown}
 i - 8 scrolls of identify {unknown}
 l - a scroll of poison {unknown}
 q - a scroll of amnesia {unknown}
 u - a scroll of blinking {unknown}
 v - a scroll of teleportation {unknown}
Potions
 f - 2 potions of haste
 k - 2 potions of lignification
 m - a potion of curing


   Skills:
 + Level 7.3 Fighting
 + Level 5.6 Short Blades
 + Level 3.1 Long Blades
 + Level 3.1 Axes
 + Level 3.1 Maces & Flails
 + Level 3.1 Polearms
 + Level 3.1 Staves
 + Level 3.1 Slings
 + Level 3.1 Bows
 + Level 3.1 Crossbows
 + Level 3.1 Throwing
 + Level 3.1 Armour
 + Level 5.6 Dodging
 + Level 10.1 Stealth
 + Level 3.1 Shields
 + Level 3.1 Unarmed Combat
 + Level 3.1 Spellcasting
 + Level 2.5 Conjurations
 + Level 2.5 Hexes
 + Level 2.5 Summonings
 + Level 2.5 Necromancy
 + Level 2.5 Translocations
 + Level 2.5 Transmutations
 + Level 2.5 Fire Magic
 + Level 2.5 Ice Magic
 + Level 2.5 Air Magic
 + Level 2.5 Earth Magic
 + Level 2.5 Poison Magic
 + Level 3.4 Invocations
 + Level 3.1 Evocations


You had 13 spell levels left.
You didn't know any spells.
Your spell library contained the following spells:

 Spells                   Type           Power      Damage    Failure   Level
 Apportation              Tloc           12%        N/A       13%         1
 Dazzling Flash           Conj/Hex       12%        N/A       36%         3
 Ignite Poison            Fire/Tmut/Pois 6%         N/A       36%         3
 Mephitic Cloud           Conj/Pois/Air  6%         N/A       36%         3
 Iskenderun's Mystic Bla  Conj/Tloc      6%         2d4       77%         4
 Agony                    Necr           6%         N/A       98%         5
 Alistair's Intoxication  Tmut/Pois      4%         N/A       98%         5
 Freezing Cloud           Conj/Ice/Air   3%         6-21      98%         5
 Silence                  Hex/Air        3%         N/A       98%         5
 Dispersal                Tloc           3%         N/A       100%        6
 Starburst                Conj/Fire      3%         6d3       100%        6
 Disjunction              Tloc           3%         N/A       100%        8


Dungeon Overview and Level Annotations

Branches:
Dungeon (5/15)
 Temple: D:4-7

Altars:

Shops:
D:3 *

Annotations:
D:5 Blork the orc


Innate Abilities, Weirdness & Mutations

You have very sharp teeth.
Your uncanny sense of smell can sniff out nearby items.
Your experience applies equally to all skills.


Message History

Blork the orc is heavily wounded.
Blork the orc gestures at you while chanting.
The puff of frost hits you! The gnoll barely misses you.
You hit Blork the orc. You freeze Blork the orc.
Your punch misses Blork the orc.
Blork the orc is heavily wounded.
Blork the orc hits you with a +0 mace. Blork the orc misses you.
The gnoll hits you with a +0 spear!
You hit Blork the orc. You freeze Blork the orc.
Blork the orc is severely wounded.
Blork the orc closely misses you. The gnoll hits you with a +0 spear.
You barely miss Blork the orc. You bite Blork the orc.
Blork the orc is severely wounded.
Blork the orc points at you and mumbles some strange words.
The magic dart hits you!
* * * LOW HITPOINT WARNING * * *
Blork the orc barely misses you. The gnoll barely misses you.
It was a potion of degeneration.
There was something very wrong with that liquid.
You feel weakened.
You feel dopey.
You feel clumsy. Blork the orc closely misses you.
The gnoll closely misses you.
It was a potion of magic.
Magic courses through your body. Blork the orc closely misses you.
Blork the orc gestures at you while chanting.
The puff of flame hits you!
* * * LOW HITPOINT WARNING * * *
The gnoll closely misses you.
It was a potion of attraction.
You feel attractive to monsters.
Blork the orc screams, "You are the ugliest creature I've ever seen!"
Blork the orc hits you with a +0 mace.
* * * LOW HITPOINT WARNING * * *
The gnoll misses you.
It was a potion of cancellation.
Your magical effects are unravelling.
You feel magically purged. Blork the orc misses you.
Blork the orc screams, "I'll cover the dungeon with your blood!"
Blork the orc points at you and mumbles some strange words.
The puff of flame hits you!
You die...

#.#.## ##.##....
......))# ##
#†##.# #)#.#
#####).#
..##l#.#
#.###.##o##.#
#.....##.@#.#
###.###.....g#.
.(..........#.##
#######.###.#.#
#.#.....#
#.#.#.###
#.#.#.# #.#.#..∆
#.#.#


You could see Blork the orc (fast), an iguana and a gnoll.

Vanquished Creatures
  Grinder (D:3)
  A water moccasin (D:5)
  An ogre (D:4)
  A phantom (D:4)
  A scorpion (D:4)
  A gnoll sergeant (D:5)
  A jelly (D:3)
  2 hounds (D:5)
  A gnoll shaman (D:3)
  An iguana (D:5)
  2 orc wizards (D:5)
  10 gnolls
  11 adders
  A worm (D:5)
  4 dart slugs
  An orc (D:4)
  8 ball pythons
  4 bats
  4 endoplasms
  5 giant cockroaches
  9 goblins
  8 hobgoblins
  10 jackals
  7 kobolds
  4 quokkas
  11 frilled lizards
  4 rats
114 creatures vanquished.

Notes
Turn   | Place    | Note
-------+----------+-------------------------------------------
     0 | D:5      | Reached skill level 9 in Stealth
     0 | D:5      | DocClef the Gnoll Delver began the quest for the Orb.
     0 | D:5      | Reached XP level 1. HP: 23/23 MP: 1/1
    14 | D:5      | Noticed a hound
    14 | D:5      | Noticed an iguana
    17 | D:5      | Killed a hound
    18 | D:5      | Reached XP level 2. HP: 29/29 MP: 2/2
    18 | D:5      | Reached XP level 3. HP: 35/35 MP: 3/3
    21 | D:5      | Reached skill level 1 in Long Blades
    21 | D:5      | Reached skill level 1 in Axes
    21 | D:5      | Reached skill level 1 in Maces & Flails
    21 | D:5      | Reached skill level 1 in Polearms
    21 | D:5      | Reached skill level 1 in Staves
    21 | D:5      | Reached skill level 1 in Slings
    21 | D:5      | Reached skill level 1 in Bows
    21 | D:5      | Reached skill level 1 in Crossbows
    21 | D:5      | Reached skill level 1 in Throwing
    21 | D:5      | Reached skill level 1 in Armour
    21 | D:5      | Reached skill level 1 in Shields
    21 | D:5      | Reached skill level 1 in Unarmed Combat
    21 | D:5      | Reached skill level 1 in Spellcasting
    21 | D:5      | Reached skill level 1 in Invocations
    21 | D:5      | Reached skill level 1 in Evocations
    38 | D:5      | Reached XP level 4. HP: 41/41 MP: 5/5
   149 | D:4      | Noticed a phantom
   198 | D:4      | Killed a phantom
   199 | D:4      | Reached skill level 1 in Conjurations
   199 | D:4      | Reached skill level 1 in Hexes
   199 | D:4      | Reached skill level 1 in Summonings
   199 | D:4      | Reached skill level 1 in Necromancy
   199 | D:4      | Reached skill level 1 in Translocations
   199 | D:4      | Reached skill level 1 in Transmutations
   199 | D:4      | Reached skill level 1 in Fire Magic
   199 | D:4      | Reached skill level 1 in Ice Magic
   199 | D:4      | Reached skill level 1 in Air Magic
   199 | D:4      | Reached skill level 1 in Earth Magic
   199 | D:4      | Reached skill level 1 in Poison Magic
   199 | D:4      | Reached XP level 5. HP: 16/47 MP: 5/7
   764 | D:3      | Noticed Grinder
   797 | D:3      | Killed Grinder
   798 | D:3      | Reached skill level 5 in Short Blades
   798 | D:3      | Reached skill level 5 in Dodging
   798 | D:3      | Reached XP level 6. HP: 37/53 MP: 7/9
   948 | D:3      | Found Eciwenet's General Store.
  1345 | D:3      | Reached XP level 7. HP: 32/59 MP: 10/10
  1677 | D:4      | Identified the +6 spear of the End of Times {freeze, Fly
                  | Str+2 Int+3}
  2559 | D:3      | Reached skill level 10 in Stealth
  3058 | D:1      | Found a faded altar of an unknown god.
  3171 | D:1      | You are sucked into a shaft and drop 1 floor!
  4163 | D:5      | Reached XP level 8. HP: 67/67 MP: 12/12
  4209 | D:5      | Noticed Blork the orc
  4247 | D:5      | HP: 1/67 [Blork the orc/+0 mace (6)]
  4248 | D:5      | Killed from afar by Blork the orc

Illustrated notes

Levels and vault maps discovered:
D:1:      minmay_arrival_semitransparent, layout_basic, basic_ecumenical_altar
D:2:      layout_rooms, minmay_lizard_pond
D:3:      layout_rooms, serial_shops, nicolae_lakefront_shop, uniq_grinder
D:4:      layout_rooms, minmay_close_crescents
D:5:      layout_loops_ring, nicolae_elevator_lobby_plus, uniq_blork_the_orc

Skill      XL: |  1  2  3  4  5  6  7  8 |
---------------+-------------------------+-----
Stealth        | 10 | 10.1
Long Blades    | 1 2 3 |  3.1
Axes           | 1 2 3 |  3.1
Maces & Flails | 1 2 3 |  3.1
Polearms       | 1 2 3 |  3.1
Staves         | 1 2 3 |  3.1
Slings         | 1 2 3 |  3.1
Bows           | 1 2 3 |  3.1
Crossbows      | 1 2 3 |  3.1
Throwing       | 1 2 3 |  3.1
Armour         | 1 2 3 |  3.1
Shields        | 1 2 3 |  3.1
Unarmed Combat | 1 2 3 |  3.1
Spellcasting   | 1 2 3 |  3.1
Invocations    | 1 2 3 |  3.4
Evocations     | 1 2 3 |  3.1
Conjurations   | 1 2 |  2.5
Hexes          | 1 2 |  2.5
Summonings     | 1 2 |  2.5
Necromancy     | 1 2 |  2.5
Translocations | 1 2 |  2.5
Transmutations | 1 2 |  2.5
Fire Magic     | 1 2 |  2.5
Ice Magic      | 1 2 |  2.5
Air Magic      | 1 2 |  2.5
Earth Magic    | 1 2 |  2.5
Poison Magic   | 1 2 |  2.5
Short Blades   | 5 |  5.6
Dodging        | 5 |  5.6
Fighting       | 7 |  7.3

Action                   |  1- 3 |  4- 6 |  7- 9 || total
-------------------------+-------+-------+-------++-------
Melee: Short sword       |     3 |   189 |    18 ||   210
       Bite              |       |    21 |    11 ||    32
       Punch             |       |     4 |     4 ||     8
       Spear             |       |       |   177 ||   177
  Use: Potion            |       |     2 |     6 ||     8
       Scroll            |       |       |     1 ||     1
 Stab: Sleeping          |     3 |     8 |    30 ||    41
       Distracted        |       |       |     1 ||     1
Armor: Leather armour    |       |    19 |    17 ||    36
       Skin              |       |     2 |       ||     2
Dodge: Dodged            |       |   148 |   158 ||   306

Table legend: (Time is in decaauts)
 A = Elapsed time spent in this place.
 B = Non-inter-level travel time spent in this place.
 C = Inter-level travel time spent in this place.
 D = Time resting spent in this place.
 E = Time spent auto-exploring this place.
 F = Levels seen in this place.
 G = Mean time per level.
                   A        B        C        D        E       F      G
               +--------+--------+--------+--------+--------+-----+--------+
         Total |   4220 |   4075 |    145 |    696 |   2458 |   5 |  844.0 |
       Dungeon |   4220 |   4075 |    145 |    696 |   2458 |   5 |  844.0 |
               +--------+--------+--------+--------+--------+-----+--------+

Top non-repeatable levels by time:
     D:4: 1334 daAuts
     D:1: 941 daAuts
     D:3: 927 daAuts
     D:2: 779 daAuts
     D:5: 238 daAuts
